% Time on Ice - SALEM BLACK JAYS
Lines # - Real PCT - Wanted PCT - Time Play
Normal Forward
1 - 37% - 36% - 18:33
2 - 32% - 31% - 15:59
3 - 22% - 23% - 11:12
4 - 10% - 10% - 4:49
Normal Defense
1 - 34% - 36% - 17:18
2 - 33% - 31% - 16:45
3 - 26% - 23% - 13:15
4 - 6% - 10% - 3:15
PP Forward
1 - 61% - 55% - 2:28
2 - 39% - 45% - 1:34
PP Defense
1 - 61% - 55% - 2:28
2 - 39% - 45% - 1:34
PK Forward
1 - 70% - 55% - 3:09
2 - 30% - 45% - 1:21
PK Defense
1 - 55% - 55% - 2:28
2 - 45% - 45% - 2:02
PK3 Forward
1 - 0% - 55%
2 - 0% - 45%
PK3 Defense
1 - 0% - 55%
2 - 0% - 45%
44 Forward
1 - 0% - 55%
2 - 0% - 45%
44 Defense
1 - 0% - 55%
2 - 0% - 45%
Last Minute Offensive  - 0:55
Last Minute Defensive  - 0:00
Total
Forward - 60:00
Defense - 60:00
% Time on Ice - TEXAS TOROS
Lines # - Real PCT - Wanted PCT - Time Play
Normal Forward
1 - 27% - 36% - 13:30
2 - 33% - 31% - 16:31
3 - 28% - 23% - 14:14
4 - 12% - 10% - 6:18
Normal Defense
1 - 33% - 36% - 16:37
2 - 31% - 31% - 15:36
3 - 31% - 23% - 15:35
4 - 5% - 10% - 2:45
PP Forward
1 - 52% - 55% - 2:21
2 - 48% - 45% - 2:09
PP Defense
1 - 61% - 55% - 2:46
2 - 39% - 45% - 1:44
PK Forward
1 - 57% - 55% - 2:17
2 - 43% - 45% - 1:45
PK Defense
1 - 52% - 55% - 2:05
2 - 48% - 45% - 1:57
PK3 Forward
1 - 0% - 55%
2 - 0% - 45%
PK3 Defense
1 - 0% - 55%
2 - 0% - 45%
44 Forward
1 - 0% - 55%
2 - 0% - 45%
44 Defense
1 - 0% - 55%
2 - 0% - 45%
Last Minute Offensive  - 0:00
Last Minute Defensive  - 0:55
Total
Forward - 60:00
Defense - 60:00
Play-by-Play 1st period 0:01 of 1st period - Jonathan Toews wins face-off versus Mathew Barzal in neutral zone. 1:13 of 1st period - Taylor Raddysh is hit by Nick Jensen and loses puck. 3:35 of 1st period - Icing by Mikhail Sergachev. 3:36 of 1st period - Ryan Poehling wins face-off versus Mathew Barzal in TEXAS TOROS zone. 4:19 of 1st period - Off-side. 4:20 of 1st period - Dylan Larkin wins face-off versus Trevor Zegras in neutral zone. 4:23 of 1st period - Shot by Martin Necas. 4:23 of 1st period - Stopped by Daniil Tarasov without a rebound. 4:24 of 1st period - Dylan Larkin wins face-off versus Trevor Zegras in TEXAS TOROS zone. 4:29 of 1st period - Shot by Martin Necas. 4:29 of 1st period - Stopped by Daniil Tarasov without a rebound. 4:30 of 1st period - Wade Allison wins face-off versus Dylan Cozens in TEXAS TOROS zone. 4:59 of 1st period - Shot by Dylan Cozens. 4:59 of 1st period - Stopped by Daniil Tarasov with a rebound. 5:05 of 1st period - Shot by Dylan Cozens. 5:05 of 1st period - Shot Blocked by Owen Power. 5:07 of 1st period - Shot by Dylan Cozens. 5:07 of 1st period - Goal by Dylan Cozens - SALEM BLACK JAYS : 1 - TEXAS TOROS : 0. 5:08 of 1st period - Dylan Larkin wins face-off versus Jonathan Toews in neutral zone. 5:14 of 1st period - Minor Penalty to Mikhail Sergachev for Holding Stick. 5:15 of 1st period - Dylan Larkin wins face-off versus Jonathan Toews in TEXAS TOROS zone. 5:16 of 1st period - Shot by Mitchell Marner. 5:16 of 1st period - Stopped by Daniil Tarasov with a rebound. 5:38 of 1st period - Shot by Joshua Morrissey. 5:38 of 1st period - Stopped by Daniil Tarasov without a rebound. 5:39 of 1st period - Troy Terry wins face-off versus Dylan Cozens in TEXAS TOROS zone. 7:15 of 1st period - Shot by Filip Chytil. 7:15 of 1st period - Stopped by Daniil Tarasov without a rebound. 7:16 of 1st period - Josh Archibald wins face-off versus Trevor Zegras in TEXAS TOROS zone. 7:37 of 1st period - Shot by Trevor Zegras. 7:37 of 1st period - Shot Misses the Net. 7:39 of 1st period - Shot by Trevor Zegras. 7:39 of 1st period - Stopped by Anthony Stolarz without a rebound. 7:40 of 1st period - Jonathan Toews wins face-off versus Dylan Cozens in SALEM BLACK JAYS zone. 7:54 of 1st period - Icing by Cody Ceci. 7:55 of 1st period - Daniel Sprong wins face-off versus Kevin Hayes in SALEM BLACK JAYS zone. 8:20 of 1st period - Shot by Kevin Hayes. 8:20 of 1st period - Stopped by Anthony Stolarz without a rebound. 8:21 of 1st period - Jonathan Toews wins face-off versus Dylan Larkin in SALEM BLACK JAYS zone. 8:24 of 1st period - Shot by Troy Terry. 8:24 of 1st period - Stopped by Anthony Stolarz with a rebound. 8:52 of 1st period - Shot by Dylan Larkin. 8:52 of 1st period - Shot Misses the Net. 9:00 of 1st period - Shot by Dylan Larkin. 9:00 of 1st period - Stopped by Daniil Tarasov without a rebound. 9:01 of 1st period - Kevin Hayes wins face-off versus Mathew Barzal in TEXAS TOROS zone. 9:01 of 1st period - Taylor Raddysh is hit by Mikko Rantanen and loses puck. 9:10 of 1st period - Shot by Mitchell Marner. 9:10 of 1st period - Shot Blocked by Tyson Barrie. 9:12 of 1st period - Shot by Cody Ceci. 9:12 of 1st period - Stopped by Daniil Tarasov without a rebound. 9:13 of 1st period - Dylan Cozens wins face-off versus Trevor Zegras in TEXAS TOROS zone. 9:14 of 1st period - Shot by Daniel Sprong. 9:14 of 1st period - Deflect By Dylan Cozens. 9:14 of 1st period - Stopped by Daniil Tarasov without a rebound. 9:15 of 1st period - Kevin Hayes wins face-off versus Mathew Barzal in TEXAS TOROS zone. 9:31 of 1st period - Off-side. 9:32 of 1st period - Jonathan Toews wins face-off versus Barrett Hayton in neutral zone. 9:32 of 1st period - Dougie Hamilton is hit by Martin Necas and loses puck. 9:36 of 1st period - Off-side. 9:37 of 1st period - Dylan Larkin wins face-off versus Jonathan Toews in neutral zone. 11:03 of 1st period - Shot by Mitchell Marner. 11:03 of 1st period - Stopped by Daniil Tarasov without a rebound. 11:04 of 1st period - Dylan Cozens wins face-off versus Trevor Zegras in TEXAS TOROS zone. 11:04 of 1st period - Dylan Cozens is hit by Nate Schmidt. 11:06 of 1st period - Shot by Daniel Sprong. 11:06 of 1st period - Stopped by Daniil Tarasov with a rebound. 11:20 of 1st period - Shot by Dylan Cozens. 11:20 of 1st period - Shot Blocked by Owen Power. 11:44 of 1st period - Shot by Trevor Zegras. 11:44 of 1st period - Stopped by Anthony Stolarz without a rebound. 11:45 of 1st period - Mathew Barzal wins face-off versus Ryan Poehling in SALEM BLACK JAYS zone. 12:09 of 1st period - Shot by Jonathan Toews. 12:09 of 1st period - Stopped by Anthony Stolarz without a rebound. 12:10 of 1st period - Dylan Larkin wins face-off versus Kevin Hayes in SALEM BLACK JAYS zone. 12:12 of 1st period - Icing by Joshua Morrissey. 12:13 of 1st period - Taylor Raddysh wins face-off versus Dylan Larkin in SALEM BLACK JAYS zone. 13:31 of 1st period - Icing by Mikhail Sergachev. 13:32 of 1st period - Jonathan Toews wins face-off versus Filip Chytil in TEXAS TOROS zone. 13:41 of 1st period - Shot by Troy Terry. 13:41 of 1st period - Stopped by Anthony Stolarz with a rebound. 14:06 of 1st period - Minor Penalty to Josh Archibald for Tripping. 14:07 of 1st period - Kevin Hayes wins face-off versus Theodor Blueger in SALEM BLACK JAYS zone. 14:33 of 1st period - Tyson Barrie is hit by Martin Necas and loses puck. 14:38 of 1st period - Shot by Ryan Suter. 14:38 of 1st period - Goal by Ryan Suter - SALEM BLACK JAYS : 1 - TEXAS TOROS : 1. 14:39 of 1st period - Trevor Zegras wins face-off versus Dylan Cozens in neutral zone. 14:44 of 1st period - Shot by Trevor Zegras. 14:44 of 1st period - Shot Misses the Net. 15:01 of 1st period - Shot by Wade Allison. 15:01 of 1st period - Stopped by Anthony Stolarz without a rebound. 15:02 of 1st period - Mikko Rantanen wins face-off versus Ryan Poehling in SALEM BLACK JAYS zone. 15:08 of 1st period - Mikhail Sergachev is hit by Joshua Morrissey and loses puck. 15:36 of 1st period - Icing by Nick Jensen. 15:37 of 1st period - Kevin Hayes wins face-off versus Mathew Barzal in SALEM BLACK JAYS zone. 16:00 of 1st period - Shot by Mitchell Marner. 16:00 of 1st period - Stopped by Daniil Tarasov without a rebound. 16:01 of 1st period - Dylan Larkin wins face-off versus Jonathan Toews in TEXAS TOROS zone. 16:01 of 1st period - Martin Necas is hit by Nate Schmidt and loses puck. 16:14 of 1st period - Shot by Dylan Larkin. 16:14 of 1st period - Shot Misses the Net. 16:16 of 1st period - Shot by Barrett Hayton. 16:16 of 1st period - Shot Blocked by Jonathan Toews. 16:30 of 1st period - Shot by Dylan Larkin. 16:30 of 1st period - Stopped by Daniil Tarasov without a rebound. 16:31 of 1st period - Kevin Hayes wins face-off versus Dylan Cozens in TEXAS TOROS zone. 17:48 of 1st period - Icing by Tyson Barrie. 17:49 of 1st period - Dylan Larkin wins face-off versus Kevin Hayes in TEXAS TOROS zone. 17:58 of 1st period - Shot by Dylan Larkin. 17:58 of 1st period - Stopped by Daniil Tarasov with a rebound. 18:21 of 1st period - Shot by Troy Terry. 18:21 of 1st period - Shot Misses the Net. 18:23 of 1st period - Shot by Jonathan Toews. 18:23 of 1st period - Deflect By Troy Terry. 18:23 of 1st period - Shot Blocked by Barrett Hayton. 18:25 of 1st period - Shot by Mikhail Sergachev. 18:25 of 1st period - Stopped by Anthony Stolarz without a rebound. 18:26 of 1st period - Trevor Zegras wins face-off versus Mathew Barzal in SALEM BLACK JAYS zone. 18:53 of 1st period - Shot by Wade Allison. 18:53 of 1st period - Stopped by Anthony Stolarz with a rebound. 19:01 of 1st period - Shot by Yegor Chinakhov. 19:01 of 1st period - Shot Misses the Net. 19:16 of 1st period - Icing by Joshua Morrissey. 19:17 of 1st period - Jonathan Toews wins face-off versus Mathew Barzal in SALEM BLACK JAYS zone. 19:40 of 1st period - Shot by Martin Necas. 19:40 of 1st period - Shot Misses the Net. 19:42 of 1st period - Shot by Cody Ceci. 19:42 of 1st period - Deflect By Martin Necas. 19:42 of 1st period - Shot Misses the Net. 19:44 of 1st period - Shot by Cody Ceci. 19:44 of 1st period - Shot Blocked by Troy Terry. 19:46 of 1st period - Shot by Martin Necas. 19:46 of 1st period - Stopped by Daniil Tarasov with a rebound. 19:50 of 1st period - Shot by Barrett Hayton. 19:50 of 1st period - Shot Misses the Net. 19:52 of 1st period - Shot by Martin Necas. 19:52 of 1st period - Shot Misses the Net. 19:54 of 1st period - Shot by Scott Mayfield. 19:54 of 1st period - Stopped by Daniil Tarasov without a rebound. 19:55 of 1st period - Ryan Poehling wins face-off versus Filip Chytil in TEXAS TOROS zone. Goals for this period are 1 for SALEM BLACK JAYS vs 1 for TEXAS TOROS. Shots for this period are 17 for SALEM BLACK JAYS vs 10 for TEXAS TOROS. 2nd period 0:01 of 2nd period - Jonathan Toews wins face-off versus Mathew Barzal in neutral zone. 0:01 of 2nd period - Mikhail Sergachev is hit by Mikko Rantanen and loses puck. 0:20 of 2nd period - Danton Heinen is hit by Mikko Rantanen and loses puck. 0:41 of 2nd period - Shot by Mikko Rantanen. 0:41 of 2nd period - Stopped by Daniil Tarasov without a rebound. 0:42 of 2nd period - Dylan Larkin wins face-off versus Trevor Zegras in TEXAS TOROS zone. 1:53 of 2nd period - Shot by Kevin Hayes. 1:53 of 2nd period - Shot Misses the Net. 2:01 of 2nd period - Shot by Kevin Hayes. 2:01 of 2nd period - Stopped by Ant